 Dungeon Sprint DCSS version 0.20.1-1-g8b1a95d (console) character file.

54 hilaritas the Ruffian (level 6, -3/68 HPs)
             Began as a Troll Fighter on Nov 12, 2017.
             Was a Priest of Uskayaw.
             Slain by a hippogriff (8 damage)
             ... in the Dungeon (Sprint VI: "Thunderdome").
             The game lasted 00:05:22 (375 turns).

hilaritas the Ruffian (Troll Fighter)                Turns: 375, Time: 00:05:23

Health: -3/68      AC:  5    Str: 27    XL:     6   Next: 58%
Magic:  1/9        EV:  9    Int: 11    God:    Uskayaw [***...]
Gold:   40         SH: 10    Dex: 11    Spells: 5/5 levels left

rFire    . . .     SeeInvis .     - Unarmed
rCold    . . .     Gourm    +   c - +0 shield
rNeg     . . .     Faith    .   b - +0 robe
rPois    +         Spirit   .   (helmet restricted)
rElec    .         Reflect  .   (no cloak)
rCorr    .         Harm     .   (gloves unavailable)
MR       .....     NoTele   +   (boots unavailable)
Stlth    +.........             p - amulet "Moeth" {rPois Regen+}
Regen    1.1/turn               e - ring of the Lost Friends {+Fly Str+2 Int+5 Dex+2}
MPRegen  0.2/turn               (no ring)

@: no status effects
A: unfitting armour, claws 3, fast metabolism 3, gourmand, regeneration 1,
shaggy fur 1, tough skin 2
a: Stomp, Line Pass, Renounce Religion, Evoke Flight


You were in the Dungeon.
You worshipped Uskayaw.
Uskayaw was noncommittal.
You were not hungry.

You visited 1 branch You collected 280 gold pieces.
You spent 240 gold pieces at shops.

Inventory:

Hand Weapons
 a - a +0 flail
Armour
 b - a +0 robe (worn)
 c - a +0 shield (worn)
Jewellery
 e - the ring of the Lost Friends (left claw) {+Fly Str+2 Int+5 Dex+2}
   (You bought it in a shop in the Dungeon)

   [ring of dexterity]

   It affects your strength (+2).
   It affects your intelligence (+5).
   It affects your dexterity (+2).
   It lets you fly.
 p - the amulet "Moeth" (around neck) {rPois Regen+}
   (You bought it in a shop in the Dungeon)

   [amulet of regeneration]

   It protects you from poison.
   It increases your rate of regeneration.
Wands
 m - a wand of acid (5/15)
 n - a wand of iceblast (5/15)
Scrolls
 k - 4 scrolls of blinking
 o - 3 scrolls of fog
 q - a scroll of identify
Potions
 d - a potion of might
 g - a potion of heal wounds
 h - 4 potions of haste
 i - 2 potions of magic
 j - a potion of berserk rage
 l - a potion of resistance
Comestibles
 f - 2 bread rations


   Skills:
 + Level 6.4 Fighting
 - Level 1.7 Maces & Flails
 - Level 2.4 Dodging
 + Level 6.4 Shields
 * Level 7.4 Unarmed Combat
 * Level 6.0 Invocations


You had 5 spell levels left.
You didn't know any spells.

Dungeon Overview and Level Annotations

Branches:
Dungeon (1/1)

Altars:
Cheibriados
Dithmenos
Fedhas
Gozag
Kikubaaqudgha
Makhleb
Okawaru
Qazlal
Ru
Sif Muna
Trog
Uskayaw
Vehumet
Xom
Yredelemnul
Zin
The Shining One
Beogh
Jiyva
Lugonu

Shops:
D *[%??*?*:[((!!!!


Innate Abilities, Weirdness & Mutations

You are too large for most types of armour.
You have claws for hands.
Your metabolism is lightning-fast.
You like to eat raw meat.
Your natural rate of healing is unusually fast.
You are covered in fur. (AC +1)
You have very tough skin. (AC +2)


Message History

The hippogriff is moderately wounded.
The hippogriff is heavily wounded. x2
The merfolk is severely wounded.
You feel somewhat more hungry. The hippogriff closely misses you.
The hippogriff barely misses you. You block the hippogriff's attack.
The merfolk closely misses you. The hippogriff barely misses you.
You block the hippogriff's attack. The hippogriff claws you.
* * * LOW HITPOINT WARNING * * *
The hippogriff bites you!
* * * LOW HITPOINT WARNING * * *
The hippogriff pecks you but does no damage.
You block the hippogriff's attack.
Uskayaw will force your foes to helplessly watch your dance.
Okay, then.
You scratch the merfolk.
The merfolk is severely wounded.
The hippogriff bites you.
* * * LOW HITPOINT WARNING * * *
The hippogriff pecks you!
You die...

##### ##⌠⌠⌠## #.....#
##.....## ##∩.....∩##
#∩.......∩# #_......._#
#_......._# #_......._#
###mH.......###
#⌠.H@H......)⌠#
######.8.........8.######
##∩._.†...).###......___∩##
###∩........8.# #.8........∩#
##..........[..###.[..........
#⌠..........###[..###.........
#⌠..........# #.<)# #.........
#⌠..........###...###.........
##.............###[..[........
###∩....[...8.# #.8........∩#
##∩_._......###......___∩##


You could see a merfolk and 3 hippogriffs.

Vanquished Creatures
  A hippogriff (D)
  Sigmund (D)
  Jessica (D)
  An orc wizard (D)
  7 orcs (D)
  A jackal (D)
12 creatures vanquished.

Notes
Turn   | Place    | Note
-------+----------+-------------------------------------------
     0 | D        | hilaritas the Troll Fighter began the quest for the Orb.
     0 | D        | Reached XP level 1. HP: 22/22 MP: 0/0
     2 | D        | Found a glowing silver altar of Zin.
     2 | D        | Found a hide-covered altar of Uskayaw.
     3 | D        | Found a basalt altar of Yredelemnul.
     3 | D        | Found a sacrificial altar of Ru.
     4 | D        | Found a deep blue altar of Sif Muna.
     4 | D        | Found a stormy altar of Qazlal.
     5 | D        | Found a burning altar of Makhleb.
     5 | D        | Found a corrupted altar of Lugonu.
     5 | D        | Found Akimmono's Staff Store.
     5 | D        | Found Duluxzonk's Magic Scroll Shop.
     6 | D        | Found a radiant altar of Vehumet.
     6 | D        | Found Ycowky's Must-Have Magic.
     6 | D        | Found Hiux's Magic Scroll Shop.
     6 | D        | Round 1.
    10 | D        | Reached skill level 1 in Unarmed Combat
    12 | D        | Became a worshipper of Uskayaw the Reveler
    27 | D        | Found a snail-covered altar of Cheibriados.
    29 | D        | Found Ifaachor's Bee Food.
    30 | D        | Found Bucot's Jewellery.
    30 | D        | Found Milagyab's Advanced Armour.
    37 | D        | Found Zasmimau's Identification Station.
    37 | D        | Found a viscous altar of Jiyva.
    37 | D        | Found an ancient bone altar of Kikubaaqudgha.
    38 | D        | Bought a faintly glowing lead amulet for 45 gold pieces
    47 | D        | Found a glowing golden altar of the Shining One.
    57 | D        | Reached * piety under Uskayaw
    67 | D        | Bought 3 scrolls of identify for 150 gold pieces
    72 | D        | Found a shadowy altar of Dithmenos.
    72 | D        | Found an iron altar of Okawaru.
    72 | D        | Found Ugetod's Premium Goods.
    72 | D        | Found Ziannack's Miscellaneous Merchandise.
    73 | D        | Identified the amulet "Moeth" {rPois Regen+} (You bought it in a shop in the Dungeon)
    75 | D        | Found Boig's Basic Armour.
    80 | D        | Found Jeommia's Weapon Rack.
    80 | D        | Found a bloodstained altar of Trog.
    80 | D        | Found an opulent altar of Gozag.
    92 | D        | Found a shimmering altar of Xom.
    98 | D        | Found a roughly hewn altar of Beogh.
    98 | D        | Found a blossoming altar of Fedhas.
    98 | D        | Found Oskutile's Do-It-Yourself Clinic.
    98 | D        | Found Jutrog's Bottled Wisdom.
    99 | D        | Found Tegh's Distillery.
   104 | D        | Found Zyvauxt's Distillery.
   139 | D        | Noticed an orc wizard
   148 | D        | Reached ** piety under Uskayaw
   150 | D        | Killed an orc wizard
   150 | D        | Reached skill level 2 in Unarmed Combat
   150 | D        | Reached XP level 2. HP: 21/32 MP: 0/2
   150 | D        | Reached XP level 3. HP: 26/39 MP: 0/3
   153 | D        | Arena points: 12 (+12) [x2]
   153 | D        | Reached *** piety under Uskayaw
   212 | D        | Round 2.
   223 | D        | Noticed Jessica
   228 | D        | Killed Jessica
   228 | D        | Reached skill level 3 in Unarmed Combat
   261 | D        | Noticed Sigmund
   298 | D        | Killed Sigmund
   298 | D        | Reached skill level 5 in Fighting
   298 | D        | Reached skill level 5 in Shields
   298 | D        | Reached skill level 5 in Unarmed Combat
   298 | D        | Reached XP level 4. HP: 36/52 MP: 1/6
   298 | D        | Reached XP level 5. HP: 41/59 MP: 1/7
   300 | D        | Arena points: 54 (+42) [x3]
   326 | D        | Bought a sparkling bronze ring for 45 gold pieces
   326 | D        | Identified the ring of the Lost Friends {+Fly Str+2 Int+5 Dex+2} (You bought it in a shop in the Dungeon)
   348 | D        | Round 3.
   349 | D        | Noticed a hippogriff
   356 | D        | Noticed a merfolk
   356 | D        | Noticed a hippogriff
   358 | D        | Killed a hippogriff
   358 | D        | Reached skill level 7 in Unarmed Combat
   358 | D        | Reached XP level 6. HP: 34/68 MP: 7/9
   360 | D        | Noticed a hippogriff
   366 | D        | Noticed a hippogriff
   375 | D        | Slain by a hippogriff

Skill      XL: |  1  2  3  4  5 |
---------------+----------------+-----
Unarmed Combat | 2 5 7 |  7.4
Fighting       | 3 5 6 |  6.4
Shields        | 3 5 6 |  6.4
Invocations    | 2 4 6 |  6.0
Maces & Flails | |  1.7
Dodging        | |  2.4

Action                   |  1- 3 |  4- 6 || total
-------------------------+-------+-------++-------
Melee: Unarmed           |    51 |    20 ||    71
Invok: Stomp             |     1 |     1 ||     2
       Line Pass         |       |     1 ||     1
  Use: Scroll            |     1 |     1 ||     2
       Potion            |     2 |     2 ||     4
  Eat: Chunk             |     4 |     1 ||     5
Armor: Robe              |     8 |    20 ||    28
Dodge: Dodged            |     9 |    15 ||    24
Block: Shield            |    15 |    27 ||    42
